 Dungeon Crawl Stone Soup version 0.30-b1-2-g02819fbbbe (webtiles) character file.

Game seed: 6376293640880691702

38844 Borgoz the Grappler (level 14, 0/124 HPs)
             Began as a Ghoul Gladiator on June 25, 2023.
             Was a High Priest of Okawaru.
             Slain by a cane toad (7 damage)
             ... on level 5 of the Lair of Beasts.
             The game lasted 00:29:35 (16097 turns).

Borgoz the Grappler (Ghoul Gladiator)              Turns: 16097, Time: 00:29:35

Health: 0/124      AC: 23    Str: 19    XL:     14   Next: 3%
Magic:  20/20      EV: 16    Int:  8    God:    Okawaru [*****.]
Gold:   613        SH:  5    Dex: 12    Spells: 19/22 levels left

rFire   + .          .
                       - Unarmed
rCold   + + +        m - +0 buckler
rNeg    + + +        u - +3 chain mail {rF+}
rPois   ∞            E - +2 helmet {Int+3}
rElec   .            A - +1 cloak
rCorr   +            (no gloves)
SInv    .            p - +2 pair of boots
Will    +....        h - amulet of Juuch {Fly rF- rC++ Regen+ rCorr} Stlth
                     t - +5 ring of evasion
HPRegen 0.00/turn    D - ring of protection from fire
MPRegen 0.17/turn

%: no passive effects
@: flying, inhibited regen, slowed, very slow
A: claws 1, cold resistance 1, negative energy resistance 3, inhibited
regeneration, torment resistance 2, devour on kill
a: Renounce Religion, Heroism, Finesse, Duel


You were on level 5 of the Lair of Beasts.
You worshipped Okawaru.
Okawaru was extremely pleased with you.
You visited 3 branches of the dungeon, and saw 16 of its levels.

You collected 984 gold pieces.
You spent 371 gold pieces at shops.

Inventory:

Missiles
 c - 6 curare-tipped darts
 d - 7 javelins
 q - 4 throwing nets (quivered)
 x - a datura-tipped dart
 K - 4 poisoned darts
Armour
 a - a +3 scale mail of cold resistance
 i - a +0 kite shield
 m - a +0 buckler (worn)
 p - a +2 pair of boots (worn)
 u - a +3 chain mail of fire resistance (worn)
 A - a +1 cloak (worn)
 E - a +2 helmet of intelligence (worn)
Jewellery
 b - a ring of magical power
 h - the amulet of Juuch (around neck) {Fly rF- rC++ Regen+ rCorr}
   (You acquired it on level 8 of the Dungeon)

   [amulet of regeneration]

   rF:        It makes you vulnerable to fire.
   rC:        It greatly protects you from cold.
   Fly:       It grants you flight.
   Regen:     It increases your rate of health regeneration.
   rCorr:     It protects you from acid and corrosion.
 t - a +5 ring of evasion (left claw)
 y - an amulet of faith
 C - a ring of fire
 D - a ring of protection from fire (right claw)
 F - a +6 ring of intelligence
 H - a ring of wizardry
Wands
 n - a wand of light (15)
 w - a wand of roots (13)
 G - a wand of digging (10)
Scrolls
 e - 2 scrolls of amnesia
 f - 8 scrolls of identify
 l - a scroll of teleportation
 r - 3 scrolls of magic mapping
 z - a scroll of enchant weapon
 I - a scroll of noise {unknown}
 J - a scroll of fog
Potions
 g - a potion of curing
 j - 3 potions of resistance
 k - 4 potions of flight
 o - a potion of haste
 v - 2 potions of attraction
 B - a potion of might


   Skills:
 * Level 11.2 Fighting
 + Level 4.3 Throwing
 * Level 9.0 Armour
 * Level 9.6 Dodging
 - Level 5.0 Stealth
 - Level 5.0 Shields
 * Level 12.0 Unarmed Combat
 + Level 4.6 Spellcasting
 + Level 4.5 Hexes
 - Level 5.0 Invocations
 + Level 3.9 Evocations


You had 19 spell levels left.
You knew the following spells:

 Your Spells              Type           Power      Damage    Failure   Level
a - Confusing Touch       Hex            9%         N/A       69%         3

Your spell library contained the following spells:

 Spells                   Type           Power      Damage    Failure   Level
 Kiss of Death            Conj/Necr      4%         2d5       91%         1
 Poisonous Vapours        Pois/Air       2%         N/A       97%         2
 Gell's Gravitas          Tloc           1%         N/A       99%         3
 Mephitic Cloud           Conj/Pois/Air  1%         N/A       99%         3
 Teleport Other           Tloc           1%         N/A       99%         3
 Dispel Undead            Necr           1%         3d6       100%        4
 Passage of Golubria      Tloc           1%         N/A       100%        4
 Freezing Cloud           Conj/Ice/Air   0%         6-21      100%        5
 Silence                  Hex/Air        2%         N/A       100%        5
 Dispersal                Tloc           0%         N/A       100%        6
 Lehudib's Crystal Spear  Conj/Erth      0%         10d2      100%        8
 Malign Gateway           Summ/Tloc      Unusable   N/A       N/A         7
 Summon Horrible Things   Summ           Unusable   N/A       N/A         8

Dungeon Overview and Level Annotations

Branches:
Dungeon (10/15)            Temple (1/1) D:5            Lair (5/5) D:8
 Shoals (0/4) Lair:3        Snake (0/4) Lair:2        Slime (0/5) Lair:4
    Orc (0/2) D:9

Altars:
Ashenzari
Cheibriados
Dithmenos
Fedhas
Gozag
Hepliaklqana
Kikubaaqudgha
Makhleb
Nemelex Xobeh
Okawaru
Qazlal
Ru
Sif Muna
Trog
Uskayaw
Vehumet
Wu Jian
Xom
Yredelemnul

Shops:
D:3 [   D:8 [=:   D:9 *   D:10 [

Annotations:
Lair:3 exclusion: 4 oklob plants


Innate Abilities, Weirdness & Mutations

You are immune to poison.
You have sharp fingernails.
Your flesh is cold resistant. (rC+)
You are immune to negative energy. (rN+++)
You do not regenerate when monsters are visible.
You are immune to unholy pain and torment.
You thrive by killing the living.


Message History

* * * LOW HITPOINT WARNING * * *
The seven-headed hydra bites you!
* * * LOW HITPOINT WARNING * * *
The warg closely misses you. The water moccasin closely misses you.
The guardian serpent barely misses you. The wolf bites you.
* * * LOW HITPOINT WARNING * * *
Okay, then.
Okay, then.
Okay, then.
The water moccasin attacks as you move away!
The water moccasin bites you but does no damage. 2 black bears come into view.
The black bear growls angrily. x2
You block the seven-headed hydra's attack.
The seven-headed hydra misses you.
The seven-headed hydra bites you but does no damage.
The seven-headed hydra closely misses you. x2
The seven-headed hydra bites you but does no damage.
The seven-headed hydra completely misses you.
The wolf bites you but does no damage. The water moccasin closely misses you.
You block the seven-headed hydra's attack.
The seven-headed hydra bites you but does no damage.
You block the seven-headed hydra's attack.
The seven-headed hydra bites you but does no damage.
The seven-headed hydra misses you.
The seven-headed hydra bites you but does no damage. x2
The guardian serpent hits you but does no damage.
The guardian serpent attacks as you move away!
The guardian serpent hits you.
* * * LOW HITPOINT WARNING * * *
A polar bear, a wolf and 2 black bears come into view.
The polar bear growls angrily.
The wolf howls!
The wolf closely misses you. The water moccasin misses you.
You block the guardian serpent's attack.
You block the wolf's attack.
You feel better.
Your surroundings suddenly seem different.
The cane toad croaks.
You hear a bellow!
The cane toad stings you!
You die...

.#..S#.?........
#................
...........$....##
...P.............#
....#............##
# #..............#
## #............#.
.##
####..............
P.#
#.........@.......
P##
#..........F......
##
#..<.P.....P......
###
##./...........###
#.# ####.....###..#
..# #......# ###
.## ##.....# ..###
###...# ....##
#...P#


You could see a cane toad.

Vanquished Creatures
  A hydra (Lair:4)
  Harold (D:9)
  A boulder beetle (Lair:2)
  A two-headed ogre (D:10)
  3 death yaks (Lair:5)
  5 skysharks
  Amaemon (D:8)
  8 black mambas
  17 cane toads
  7 elephants
  Joseph (D:7)
  An orange demon (D:8)
  5 komodo dragons
  An unseen horror (D:10)
  3 rime drakes
  4 hornets
  7 blink frogs
  Sigmund (D:2)
  A shadow (D:9)
  14 wyverns
  A wraith (D:9)
  27 yaks
  A steam dragon (D:8)
  4 basilisks
  3 redbacks
  3 wargs (D:9)
  Menkaure (D:5)
  3 nagas (Lair:2)
  24 water moccasins
  2 hell hounds (Lair:5)
  6 orc warriors
  A black bear (Lair:5)
  4 ogres
  5 sky beasts
  2 centaurs
  8 wolves
  A gnoll sergeant (D:7)
  12 bullfrogs
  3 scorpions
  13 wights
  5 killer bees (D:8)
  3 hounds
  3 jellies
  A gnoll bouda (D:9)
  9 orc priests
  Crazy Yiuf (D:7)
  3 iguanas
  A sleepcap (D:3)
  12 orc wizards
  19 hell rats
  17 gnolls
  7 adders
  3 ufetubi
  5 worms
  45 orcs
  6 ball pythons
  5 endoplasms
  4 giant cockroaches
  5 goblins
  5 hobgoblins
  8 jackals
  6 quokkas
  A bat (D:1)
  A frilled lizard (D:1)
  3 kobolds
  4 rats
389 creatures vanquished.

Vanquished Creatures (others)
  24 fungi
  64 plants
88 creatures vanquished.

Grand Total: 477 creatures vanquished

Notes
Turn   | Place    | Note
-------+----------+-------------------------------------------
     0 | D:1      | Borgoz the Ghoul Gladiator began the quest for the Orb.
     0 | D:1      | Reached XP level 1. HP: 17/17 MP: 0/0
   247 | D:1      | Reached XP level 2. HP: 24/24 MP: 1/1
   855 | D:2      | Reached skill level 1 in Stealth
   867 | D:2      | Reached XP level 3. HP: 29/30 MP: 2/2
  1266 | D:2      | Noticed Sigmund
  1276 | D:2      | Killed Sigmund
  1277 | D:2      | Reached skill level 1 in Armour
  1277 | D:2      | Reached skill level 1 in Shields
  1277 | D:2      | Reached skill level 4 in Unarmed Combat
  1277 | D:2      | Reached XP level 4. HP: 31/38 MP: 3/3
  1277 | D:2      | Reached XP level 5. HP: 36/45 MP: 4/4
  1656 | D:2      | Reached XP level 6. HP: 50/51 MP: 5/5
  1983 | D:3      | Found Fulanosch's Armour Boutique.
  2619 | D:4      | Reached skill level 5 in Unarmed Combat
  2828 | D:4      | Reached XP level 7. HP: 57/57 MP: 6/6
  3184 | D:5      | Entered Level 5 of the Dungeon
  3439 | D:5      | Reached skill level 6 in Unarmed Combat
  3471 | D:5      | Found a sparkling altar of Nemelex Xobeh.
  3491 | D:5      | Reached XP level 8. HP: 66/66 MP: 7/7
  3528 | D:5      | Found a staircase to the Ecumenical Temple.
  3634 | D:5      | Noticed Menkaure
  3657 | D:5      | Killed Menkaure
  3684 | D:5      | Identified the +3 long sword of the Apocalypse {flame,
                  | rPois Int+2 Dex+2 Stlth+}
  3988 | Temple   | Entered the Ecumenical Temple
  4045 | Temple   | Became a worshipper of Warmaster Okawaru
  4575 | D:6      | Identified the +0 ring mail of Chill Winds {rPois}
  4746 | D:6      | Reached skill level 7 in Unarmed Combat
  4831 | D:6      | Reached skill level 5 in Fighting
  4831 | D:6      | Reached skill level 1 in Invocations
  4865 | D:6      | Reached * piety under Okawaru
  5276 | D:7      | Reached XP level 9. HP: 67/74 MP: 7/9
  5329 | D:7      | Reached skill level 5 in Dodging
  5799 | D:7      | Noticed Joseph
  5821 | D:7      | Killed Joseph
  5821 | D:7      | Reached ** piety under Okawaru
  5822 | D:7      | Reached skill level 8 in Unarmed Combat
  6441 | D:7      | Found a runed translucent door.
  6442 | D:7      | Noticed Crazy Yiuf
  6517 | D:7      | Killed Crazy Yiuf
  6587 | D:8      | Found Adaw's Book Shoppe.
  6602 | D:8      | Reached skill level 5 in Armour
  6779 | D:8      | Learned a level 3 spell: Confusing Touch
  6807 | D:8      | Noticed Amaemon
  6807 | D:8      | Noticed an orange demon
  6864 | D:8      | Killed Amaemon
  6865 | D:8      | Reached XP level 10. HP: 38/86 MP: 9/11
  6871 | D:8      | Killed an orange demon
  6871 | D:8      | Reached *** piety under Okawaru
  7011 | D:8      | Identified a scroll of acquirement
  7011 | D:8      | Acquired the amulet of Juuch {Fly rF- rC++ Regen+ rCorr}
  7058 | D:8      | Reached skill level 1 in Spellcasting
  7080 | D:8      | Reached skill level 1 in Hexes
  7326 | D:8      | Noticed an elephant
  7327 | D:8      | Found a staircase to the Lair.
  7335 | D:8      | Found Ycal Uwk's Armour Shoppe.
  7543 | D:8      | Bought a +3 chain mail of fire resistance for 371 gold
                  | pieces
  7643 | D:8      | Killed an elephant
  7644 | D:8      | Reached skill level 9 in Unarmed Combat
  7698 | D:8      | Found Taisiphigi's Jewellery Shoppe.
  8068 | D:9      | Noticed Harold
  8156 | D:9      | Killed Harold
  8157 | D:9      | Reached XP level 11. HP: 9/94 MP: 13/13
  8493 | D:9      | Found Udepnial's Assorted Antiques.
  8542 | D:9      | Found a staircase to the Orcish Mines.
  8930 | D:9      | Reached **** piety under Okawaru
  9098 | D:10     | Entered Level 10 of the Dungeon
  9218 | D:10     | Found Nutsuwkusk's Armour Emporium.
  9347 | D:10     | Noticed a two-headed ogre
  9363 | D:10     | Killed a two-headed ogre
  9471 | D:10     | Received a gift from Okawaru
 10140 | Lair:1   | Entered Level 1 of the Lair of Beasts
 10160 | Lair:1   | Reached skill level 5 in Shields
 10198 | Lair:1   | Reached skill level 5 in Invocations
 10287 | Lair:1   | Reached ***** piety under Okawaru
 10288 | Lair:1   | Reached skill level 10 in Unarmed Combat
 11034 | Lair:2   | Noticed a skyshark
 11054 | Lair:2   | Killed a skyshark
 11055 | Lair:2   | Reached XP level 12. HP: 49/104 MP: 15/15
 11346 | Lair:2   | Noticed a boulder beetle
 11357 | Lair:2   | Killed a boulder beetle
 11358 | Lair:2   | Reached skill level 1 in Evocations
 11385 | Lair:2   | Noticed a skyshark
 11405 | Lair:2   | Killed a skyshark
 11426 | Lair:2   | Received a gift from Okawaru
 11656 | Lair:2   | Noticed a skyshark
 11668 | Lair:2   | Killed a skyshark
 11691 | Lair:2   | Found a staircase to the Snake Pit.
 12416 | Lair:3   | Found a staircase to the Shoals.
 13040 | Lair:3   | Reached skill level 11 in Unarmed Combat
 13080 | Lair:3   | Reached skill level 10 in Fighting
 13424 | Lair:4   | Reached XP level 13. HP: 113/113 MP: 15/17
 13672 | Lair:4   | Found a staircase to the Slime Pits.
 14035 | Lair:5   | Entered Level 5 of the Lair of Beasts
 14332 | Lair:4   | Reached skill level 5 in Stealth
 14951 | Lair:5   | Received a gift from Okawaru
 15251 | Lair:5   | HP: 5/115 [redback (8)]
 15544 | Lair:4   | Received a gift from Okawaru
 15905 | Lair:5   | Reached skill level 12 in Unarmed Combat
 15905 | Lair:5   | Reached XP level 14. HP: 41/124 MP: 19/19
 16094 | Lair:5   | HP: 6/124 [wolf (3)]
 16096 | Lair:5   | HP: 1/124 [guardian serpent (5)]
 16097 | Lair:5   | Slain by a cane toad

Illustrated notes

Levels and vault maps discovered:
D:1:      dpeg_arrival_water_fire, layout_loops_ring
D:2:      layout_basic, uniq_sigmund
D:3:      layout_loops_cross, serial_shops, nicolae_shop_just_a_little_nook
D:4:      cheibrodos_old_hovel, layout_loops_ring
D:5:      layout_gridville, nemelex_xobeh_ov_fountains_minmay, temple_pool_b,
          uniq_menkaure
D:6:      layout_gridville
D:7:      layout_basic, abandoned_shop, uniq_joseph, uniq_crazy_yiuf_cottage
D:8:      layout_rooms, david_lair_generic, serial_shops, shop, shop,
          nicolae_lakefront_shop, minmay_fountain_box, uniq_amaemon
D:9:      layout_stronghold, david_orc_1_choice, serial_shops, shop, uniq_harold
D:10:     layout_cave_pools, serial_co_window_serial, co_window_corner_a,
          co_window_corner_a, co_window_paths_a, co_window_paths_b,
          co_window_paths_a, co_window_2corner, co_window_unsneaky_path_a,
          co_window_cross_2, co_window_corner_ca, co_window_unsneaky_path_c,
          co_window_of_opportunity_b, co_window_cross_4, co_window_4corner_a,
          glass_columns_b, glass_columns_b, glass_columns_a, glass_columns_a,
          serial_shops, shop
Temple:   grunt_wide_crystal_templ
Lair:1:   layout_regular_city, infiniplex_staircase_pool_2
Lair:2:   layout_regular_city, minmay_snake_entry_guardpost_small,
          grunt_megastairs_5
Lair:3:   minmay_lair_oklob_chamber, layout_regular_city, shoals_dummy_entry,
          serial_bayou_shore_b
Lair:4:   layout_regular_city, slime_entry_1, grunt_megastairs_2
Lair:5:   hangedman_lair_caniforms_friends, layout_cave_shapes,
          hangedman_lair_tendril_chambers, lemuel_fruit_fields

Skill      XL: |  1  2  3  4  5  6  7  8  9 10 11 12 13 |
---------------+----------------------------------------+-----
Stealth        | 1 2 3 4 5 |  5.0
Dodging        | 3 4 6 7 8 9 |  9.6
Fighting       | 3 4 5 7 9 10 11 | 11.2
Armour         | 1 2 4 5 6 7 8 9 |  9.0
Shields        | 1 2 3 4 5 |  5.0
Unarmed Combat | 4 5 6 7 8 9 10 11 12 | 12.0
Invocations    | 1 3 4 5 |  5.0
Spellcasting   | 1 2 3 4 |  4.6
Hexes          | 1 2 3 4 |  4.5
Throwing       | 2 3 4 |  4.3
Evocations     | 2 3 |  3.9

Action                     |  1- 3 |  4- 6 |  7- 9 | 10-12 | 13-15 || total
---------------------------+-------+-------+-------+-------+-------++-------
  Melee: Unarmed           |    96 |   112 |   426 |   878 |   518 ||  2030
         Punch             |     5 |       |       |       |       ||     5
  Throw: Throwing net      |     1 |     2 |     1 |     7 |     3 ||    14
         Javelin           |       |     1 |       |       |       ||     1
 Invoke: Heroism           |       |       |     8 |    11 |    11 ||    30
    Use: Scroll            |       |     8 |     5 |    15 |     5 ||    33
         Potion            |       |       |     7 |     3 |     6 ||    16
   Stab: Sleeping          |       |     3 |     2 |       |       ||     5
         Invisible         |       |       |     2 |       |       ||     2
         Held in net/web   |       |       |       |     3 |       ||     3
 Armour: Leather armour    |    17 |    26 |    14 |       |       ||    57
         Ring mail         |       |       |   118 |    37 |       ||   155
         Chain mail        |       |       |       |   328 |   403 ||   731
  Dodge: Dodged            |    52 |    65 |   319 |   715 |   684 ||  1835
  Block: Buckler           |       |    18 |   109 |   234 |   255 ||   616
